 Dungeon Crawl Stone Soup version 0.29-a0-575-g0dc89cf053 (webtiles) character file.

Game seed: 8568587827262038683

164 DocClef the Covert (level 5, -2/47 HPs)
             Began as a Gnoll Delver on June 12, 2022.
             Slain by a gnoll
             ... wielding a +0 flail
              (5 damage)
             ... on level 5 of the Dungeon.
             The game lasted 00:00:48 (1211 turns).

DocClef the Covert (Gnoll Delver)                   Turns: 1211, Time: 00:00:49

Health: -2/47      AC: -4    Str: 11    XL:     5   Next: 45%
Magic:  7/7        EV: 13    Int: 10    God:
Gold:   67         SH:  0    Dex: 15    Spells: 7/7 levels left

rFire   . . .      SeeInvis .   a - +0 short sword
rCold   . . .      Faith    .   (no shield)
rNeg    . . .      Spirit   .   b - +0 leather armour
rPois   .          Reflect  .   (no helmet)
rElec   .          Harm     .   (no cloak)
rCorr   .          Rampage  .   (no gloves)
Will    .....                   (no boots)
Stlth   ++++......              (no amulet)
HPRegen 0.15/turn               (no ring)
MPRegen 0.10/turn               (no ring)

@: corroded
A: fangs 1, strong nose, distributed training
a: no special abilities


You were on level 5 of the Dungeon.
You visited 1 branch of the dungeon, and saw 1 of its levels.

You collected 67 gold pieces.

Inventory:

Hand Weapons
 a - a +0 short sword (weapon)
Armour
 b - a +0 leather armour (worn)
Jewellery
 j - a +6 ring of intelligence
Wands
 g - a wand of digging (3)
 h - a wand of flame (4)
Scrolls
 c - a scroll of fog
 d - a scroll of magic mapping
 e - a scroll of fear
Potions
 f - a potion of haste
 i - a potion of attraction {unknown}


   Skills:
 + Level 6.7 Fighting
 + Level 4.8 Short Blades
 + Level 1.5 Long Blades
 + Level 1.5 Axes
 + Level 1.5 Maces & Flails
 + Level 1.5 Polearms
 + Level 1.5 Staves
 + Level 1.5 Slings
 + Level 1.5 Bows
 + Level 1.5 Crossbows
 + Level 1.5 Throwing
 + Level 1.5 Armour
 + Level 4.8 Dodging
 + Level 9.7 Stealth
 + Level 1.5 Shields
 + Level 1.5 Unarmed Combat
 + Level 1.5 Spellcasting
 + Level 1.2 Conjurations
 + Level 1.2 Hexes
 + Level 1.2 Summonings
 + Level 1.2 Necromancy
 + Level 1.2 Translocations
 + Level 1.2 Transmutations
 + Level 1.2 Fire Magic
 + Level 1.2 Ice Magic
 + Level 1.2 Air Magic
 + Level 1.2 Earth Magic
 + Level 1.2 Poison Magic
 + Level 1.7 Invocations
 + Level 1.5 Evocations


You had 7 spell levels left.
You didn't know any spells.
Your spell library contained the following spells:

 Spells                   Type           Power      Damage    Failure   Level
 Passage of Golubria      Tloc           3%         N/A       95%         4
 Silence                  Hex/Air        1%         N/A       100%        5
 Lehudib's Crystal Spear  Conj/Erth      1%         10d2      100%        8


Dungeon Overview and Level Annotations

Branches:
Dungeon (5/15)
 Temple: D:4-7

Altars:
Ru
Lugonu

Portals:
Abyss: D:5


Innate Abilities, Weirdness & Mutations

You have very sharp teeth.
Your uncanny sense of smell can sniff out nearby items.
Your experience applies equally to all skills.


Message History

Things that are here:
a +0 dagger; an orc corpse A jelly comes into view.
A jelly is nearby!
A jelly is nearby!
A jelly is nearby!
A jelly is nearby! 2 gnolls come into view.
The gnoll shouts!
A gnoll comes into view. It is wielding a +0 halberd.
The gnoll shouts! x2
The jelly closely misses you.
You hit the jelly but do no damage.
Your hands burn!
You hit the jelly.
Your hands burn!
The jelly is lightly wounded.
The jelly barely misses you.
You hit the jelly. The acid corrodes you!
Your hands burn!
The jelly is moderately wounded.
The jelly hits you.
You are splashed with acid!
You hit the jelly.
Your hands burn!
The jelly is heavily wounded.
The gnoll misses you. The jelly hits you. The acid corrodes you!
You are splashed with acid!
The gnoll barely misses you.
You are too injured to fight recklessly!
You are too injured to fight recklessly!
You are too injured to fight recklessly!
You are too injured to fight recklessly!
You are too injured to fight recklessly!
You are too injured to fight recklessly!
You are too injured to fight recklessly!
You are too injured to fight recklessly!
You are too injured to fight recklessly!
You are too injured to fight recklessly!
Unknown command.
The gnoll attacks as you move away! The gnoll barely misses you.
The gnoll attacks as you move away! The gnoll closely misses you.
The gnoll attacks as you move away! The gnoll hits you with a +0 flail!
* * * LOW HITPOINT WARNING * * *
The gnoll attacks as you move away! The gnoll hits you with a +0 flail.
You die...

##...# #.# #.....##.# #.#
#.....##.# #....)...# #.###
.......#.# #..##.#### #.#.##
.........###...#.########....##
........g..g...................
........####J..##########....##
.......## #.g.# #####.#.###
#.....# ###g# #.........#
##...# #@# #.###.###.# ##+# #.#
#.# #.# #.# #.# #.###.###.# #.#
#.........# #.# #.........# #.#
#.###.###.# #.# #.# #...... #.#
#.#######.# #.........#


You could see a jelly and 3 gnolls.

Vanquished Creatures
  A scorpion (D:5)
  A howler monkey (D:5)
  A hound (D:5)
  An orc wizard (D:5)
  6 orcs (D:5)
  A goblin (D:5)
  A hobgoblin (D:5)
  A ball python (D:5)
  A lurking horror (D:5)
14 creatures vanquished.

Notes
Turn   | Place    | Note
-------+----------+-------------------------------------------
     0 | D:5      | Reached skill level 9 in Stealth
     0 | D:5      | DocClef the Gnoll Delver began the quest for the Orb.
     0 | D:5      | Reached XP level 1. HP: 23/23 MP: 1/1
    41 | D:5      | Found a one-way gate to the infinite horrors of the Abyss.
    41 | D:5      | Found a corrupted altar of Lugonu.
   327 | D:5      | Noticed a howler monkey
   329 | D:5      | Killed a howler monkey
   330 | D:5      | Reached skill level 1 in Invocations
   330 | D:5      | Reached XP level 2. HP: 29/29 MP: 1/3
   330 | D:5      | Reached XP level 3. HP: 35/35 MP: 1/4
   446 | D:5      | Reached skill level 1 in Long Blades
   446 | D:5      | Reached skill level 1 in Axes
   446 | D:5      | Reached skill level 1 in Maces & Flails
   446 | D:5      | Reached skill level 1 in Polearms
   446 | D:5      | Reached skill level 1 in Staves
   446 | D:5      | Reached skill level 1 in Slings
   446 | D:5      | Reached skill level 1 in Bows
   446 | D:5      | Reached skill level 1 in Crossbows
   446 | D:5      | Reached skill level 1 in Throwing
   446 | D:5      | Reached skill level 1 in Armour
   446 | D:5      | Reached skill level 1 in Shields
   446 | D:5      | Reached skill level 1 in Unarmed Combat
   446 | D:5      | Reached skill level 1 in Spellcasting
   446 | D:5      | Reached skill level 1 in Evocations
   446 | D:5      | Reached XP level 4. HP: 41/41 MP: 5/5
   613 | D:5      | Found a sacrificial altar of Ru.
   642 | D:5      | Reached skill level 1 in Conjurations
   642 | D:5      | Reached skill level 1 in Hexes
   642 | D:5      | Reached skill level 1 in Summonings
   642 | D:5      | Reached skill level 1 in Necromancy
   642 | D:5      | Reached skill level 1 in Translocations
   642 | D:5      | Reached skill level 1 in Transmutations
   642 | D:5      | Reached skill level 1 in Fire Magic
   642 | D:5      | Reached skill level 1 in Ice Magic
   642 | D:5      | Reached skill level 1 in Air Magic
   642 | D:5      | Reached skill level 1 in Earth Magic
   642 | D:5      | Reached skill level 1 in Poison Magic
   799 | D:5      | Noticed a scorpion
   803 | D:5      | Killed a scorpion
   804 | D:5      | Reached XP level 5. HP: 47/47 MP: 5/7
  1206 | D:5      | HP: 2/47 [gnoll/+0 flail (14)]
  1211 | D:5      | Slain by a gnoll

Illustrated notes

Levels and vault maps discovered:
D:5:      layout_loops_corners, nicolae_ru_great_annihilating_truth,
          amcnicky_altar_lugonu_corruption

Skill      XL: |  1  2  3  4 |
---------------+-------------+-----
Stealth        | |  9.7
Invocations    | 1 |  1.7
Long Blades    | 1 |  1.5
Axes           | 1 |  1.5
Maces & Flails | 1 |  1.5
Polearms       | 1 |  1.5
Staves         | 1 |  1.5
Slings         | 1 |  1.5
Bows           | 1 |  1.5
Crossbows      | 1 |  1.5
Throwing       | 1 |  1.5
Armour         | 1 |  1.5
Shields        | 1 |  1.5
Unarmed Combat | 1 |  1.5
Spellcasting   | 1 |  1.5
Evocations     | 1 |  1.5
Conjurations   | 1 |  1.2
Hexes          | 1 |  1.2
Summonings     | 1 |  1.2
Necromancy     | 1 |  1.2
Translocations | 1 |  1.2
Transmutations | 1 |  1.2
Fire Magic     | 1 |  1.2
Ice Magic      | 1 |  1.2
Air Magic      | 1 |  1.2
Earth Magic    | 1 |  1.2
Poison Magic   | 1 |  1.2
Fighting       | |  6.7
Short Blades   | |  4.8
Dodging        | |  4.8

Action                   |  1- 3 |  4- 6 || total
-------------------------+-------+-------++-------
Melee: Short sword       |    23 |    49 ||    72
       Bite              |     2 |     5 ||     7
 Stab: Sleeping          |     3 |     3 ||     6
       Paralysed         |       |     1 ||     1
Armor: Leather armour    |     2 |     6 ||     8
Dodge: Dodged            |    10 |    20 ||    30

Table legend: (Time is in decaauts)
 A = Elapsed time spent in this place.
 B = Non-inter-level travel time spent in this place.
 C = Inter-level travel time spent in this place.
 D = Time resting spent in this place.
 E = Time spent auto-exploring this place.
 F = Levels seen in this place.
 G = Mean time per level.
                   A        B        C        D        E       F      G
               +--------+--------+--------+--------+--------+-----+--------+
         Total |   1201 |   1201 |      0 |    136 |    927 |   1 | 1201.0 |
       Dungeon |   1201 |   1201 |      0 |    136 |    927 |   1 | 1201.0 |
               +--------+--------+--------+--------+--------+-----+--------+

Top non-repeatable levels by time:
     D:5: 1201 daAuts
